 Dungeon Crawl Stone Soup version 0.31-a0-836-g3ceb0a68c4 (webtiles) character file.

Game seed: 14920170278577432366

32 Kurtz the Chopper (level 3, 0/26 HPs)
             Began as an Octopode Fighter on Sept 27, 2023.
             Slain by a hound (5 damage)
             ... on level 2 of the Dungeon.
             The game lasted 00:00:41 (1745 turns).

Kurtz the Chopper (Octopode Fighter)                Turns: 1745, Time: 00:00:42

Health: 0/26       AC:  1    Str: 15    XL:     3   Next: 25%
Magic:  3/3        EV: 13    Int: 16    God:
Gold:   28         SH:  4    Dex: 13    Spells: 2/2 levels left

rFire   . . .        a - +0 war axe
rCold   . . .        b - +0 buckler
rNeg    . . .        (helmet restricted)
rPois   .            (no amulet)
rElec   .            h - ring of wizardry
rCorr   .            f - +6 ring of intelligence
SInv    .            (no ring)
Will    .....        (no ring)
Stlth   ++           (no ring)
HPRegen 0.24/turn    (no ring)
MPRegen 0.08/turn    (no ring)
                     (no ring)

%: wizardry (x1)
@: no status effects
A: almost no armour, amphibious, 8 rings, camouflage 1, gelatinous body 1,
(nimble swimmer 1), tentacles
a: no special abilities


You were on level 2 of the Dungeon.
You visited 1 branch of the dungeon, and saw 2 of its levels.

You collected 28 gold pieces.

Inventory:

Hand Weapons
 a - a +0 war axe (weapon)
Missiles
 l - a throwing net
Armour
 b - a +0 buckler (worn)
Jewellery
 f - a +6 ring of intelligence (right tentacle)
 h - a ring of wizardry (left tentacle)
Scrolls
 i - 2 scrolls of noise {unknown}
 k - a scroll of amnesia {unknown}
Potions
 c - a potion of might
 d - a potion of berserk rage {unknown}
 e - a potion of resistance {unknown}
 g - 2 potions of curing {unknown}
 j - a potion of degeneration {unknown}


   Skills:
 - Level 3.0 Fighting
 * Level 3.6 Axes
 - Level 3.0 Dodging
 - Level 3.0 Shields


You had 2 spell levels left.
You didn't know any spells.
Your spell library was empty.

Dungeon Overview and Level Annotations

Branches:
Dungeon (2/15)

Altars:

Shops:
D:1 =


Innate Abilities, Weirdness & Mutations

You cannot wear most types of armour.
You are amphibious.
You can wear up to eight rings at the same time.
Your skin changes colour to match your surroundings (Stealth+).
Your rubbery body absorbs attacks. (AC +1, EV +1)
((You are camouflaged when in or above water. (Stealth+)))
You have tentacles for arms and can constrict up to eight enemies at once.


Message History

You tentacle-slap the ball python.
The ball python is severely wounded.
You constrict the ball python.
You kill the ball python!
No target in view!
A hound comes into view.
You see here a ball python corpse.
A hound is nearby!
A hound is nearby!
A hound is nearby!
A hound is nearby!
The hound bites you. x2
A hound is nearby!
You hit the hound. Your grab misses the hound. Your squeeze misses the hound.
The hound is lightly wounded.
The hound bites you. x2
A hound is nearby!
You are too injured to fight recklessly!
A hound is nearby!
You are too injured to fight recklessly!
A hound is nearby!
You are too injured to fight recklessly!
You barely miss the hound. Your grab misses the hound.
Your squeeze misses the hound.
The hound is lightly wounded.
The hound closely misses you. The hound bites you.
You completely miss the hound. Your grab misses the hound.
Your squeeze misses the hound.
The hound is lightly wounded.
The hound completely misses you. You block the hound's attack.
You hit the hound. You grab the hound.
The hound is moderately wounded.
You constrict the hound. The hound bites you.
* * * LOW HITPOINT WARNING * * *
The hound bites you.
* * * LOW HITPOINT WARNING * * *
You hit the hound but do no damage.
The hound is heavily wounded.
You constrict the hound. The hound completely misses you. The hound bites you.
You die...

## #.#.#.
..#...#.
#.#.#.#.#.
..#...#...#
####.#.#.#.#.#
#h..#...#...#
#.@#.#.#.#.#
+.....#...#
#..#.#.#.#
#...#).†#
##..#.#.#.#
#......#...#
#...#.#)#.#.#
#.#+.#...#!..#
#<#.#.#.#.#.#.#


You could see a hound.

Vanquished Creatures
  2 dart slugs (D:1)
  A bat (D:1)
  2 endoplasms
  5 goblins (D:1)
  3 hobgoblins (D:1)
  6 ball pythons
  4 kobolds
  3 rats (D:1)
26 creatures vanquished.

Notes
Turn   | Place    | Note
-------+----------+-------------------------------------------
     0 | D:1      | Kurtz the Octopode Fighter began the quest for the Orb.
     0 | D:1      | Reached XP level 1. HP: 16/16 MP: 1/1
   537 | D:1      | Reached XP level 2. HP: 21/21 MP: 2/2
   602 | D:1      | Found a faded altar of an unknown god.
   851 | D:1      | Found Syzeiha's Jewellery Shop.
  1041 | D:1      | Reached XP level 3. HP: 26/26 MP: 3/3
  1745 | D:2      | Slain by a hound

Illustrated notes

Levels and vault maps discovered:
D:1:      onia_arrival_pentagram, layout_basic, serial_shops,
          nicolae_shop_rolling_square, shapermc_ecumenical_altar_gd, st_stairs_8
D:2:      layout_basic, kennysheep_crisscross

Skill      XL: |  1  2 |
---------------+-------+-----
Axes           | 3 |  3.6
Fighting       | |  3.0
Dodging        | |  3.0
Shields        | |  3.0

Action                     || total
---------------------------++-------
  Melee: War axe           ||    54
         Constrict         ||    11
         Tentacles         ||     6
         Punch             ||     1
   Stab: Sleeping          ||     8
 Armour: Skin              ||    35
  Dodge: Dodged            ||    29
  Block: Buckler           ||     6

Table legend: (Time is in decaauts)
 A = Elapsed time spent in this place.
 B = Non-inter-level travel time spent in this place.
 C = Inter-level travel time spent in this place.
 D = Time resting spent in this place.
 E = Time spent auto-exploring this place.
 F = Levels seen in this place.
 G = Mean time per level.
                   A        B        C        D        E       F      G
               +--------+--------+--------+--------+--------+-----+--------+
         Total |   1763 |   1728 |     35 |    370 |   1171 |   2 |  881.5 |
       Dungeon |   1763 |   1728 |     35 |    370 |   1171 |   2 |  881.5 |
               +--------+--------+--------+--------+--------+-----+--------+

Top non-repeatable levels by time:
     D:1: 1710 daAuts
     D:2: 53 daAuts
